 Dungeon Crawl Stone Soup version 0.16-b1 (webtiles) character file.

534 Tolias the Ruffian (level 7, -3/59 (62) HPs)
             Began as a Troll Conjurer on Mar 14, 2015.
             Was a Follower of Ashenzari.
             Killed from afar by an orc wizard (6 damage)
             ... with a magic dart
             ... on level 5 of the Dungeon.
             The game lasted 00:06:57 (3751 turns).

Tolias the Ruffian (Troll Conjurer)                 Turns: 3751, Time: 00:06:57

HP:   -3/59 (62)    AC:  6    Str: 17    XL:     7   Next: 4%
MP:   5/5           EV: 10    Int: 11    God:    Ashenzari [*.....]
Gold: 164           SH:  0    Dex: 12    Spells: 1 memorised, 7 levels left

rFire  . . .     SeeInvis .       - Unarmed
rCold  + . .     Clarity  .     a - +1 robe
rNeg   . . .     SustAb   .     (shield restricted)
rPois  .         Gourm    +     (helmet restricted)
rElec  .         Spirit   .     (no cloak)
rCorr  .         Warding  .     (gloves unavailable)
rMut   .         Stasis   .     (boots unavailable)
MR     .....                    (no amulet)
Stlth  +.........               e - ring of protection from cold
                                f - ring of wizardry

@: confused, lethally poisoned (-3 -> -26), not resistant to hostile
enchantments, very unstealthy
A: unfitting armour, claws 3, breathe flames 1, fast metabolism 3, gourmand,
regeneration 2, shaggy fur 1, tough skin 2
a: Renounce Religion, Breathe Fire


You were on level 5 of the Dungeon.
You worshipped Ashenzari.
Ashenzari was aware of your devotion.
You were not hungry.

You visited 1 branch of the dungeon, and saw 5 of its levels.

You collected 164 gold pieces.

Inventory:

Missiles
 r - 16 poisoned needles
 t - 4 tomahawks (quivered)
Armour
 a - a +1 robe (worn)
Jewellery
 e - a ring of protection from cold (right claw)
 f - a ring of wizardry (left claw)
Magical devices
 u - a wand of confusion (48)
Scrolls
 d - a scroll of enchant armour
 h - 3 scrolls of remove curse
Books
 c - a book of Conjurations

   Spells                             Type                      Level
   a - Magic Dart                     Conjuration                  1
   b - Searing Ray                    Conjuration                  2
   c - Dazzling Spray                 Conjuration/Hexes            3
   d - Fulminant Prism                Conjuration/Hexes            4
   e - Iskenderun's Mystic Blast      Conjuration                  4
   f - Iskenderun's Battlesphere      Conjuration/Charms           5
 v - a book of Hinderance

   Spells                             Type                      Level
   a - Confusing Touch                Hexes                        2
   b - Confuse                        Hexes                        3
   c - Petrify                        Transmutation/Earth          4
   d - Metabolic Englaciation         Hexes/Ice                    5
   e - Gell's Gravitas                Hexes/Translocation          5
   f - Summon Mana Viper              Hexes/Summoning              5
Comestibles
 b - 4 meat rations
 n - a royal jelly
 o - 3 bread rations
 p - 9 fruits


   Skills:
 + Level 1.3 Fighting
 + Level 1.6 Throwing
 + Level 2.2 Dodging
 - Level 1.1 Stealth
 - Level 6.3 Unarmed Combat
 - Level 1.2 Spellcasting
 - Level 2.9 Conjurations


You had 7 spell levels left.
You knew the following spells:

 Your Spells              Type           Power        Failure   Level  Hunger
a - Magic Dart            Conj           #...         4%          1    ##.....


Dungeon Overview and Level Annotations

Branches:
Dungeon (5/15)
 Temple: D:4-7

Altars:
Ashenzari
Cheibriados
Elyvilon
Fedhas
Qazlal
Ru
Vehumet
Xom


Innate Abilities, Weirdness & Mutations

You are too large for most types of armour.
You have claws for hands.
Your metabolism is lightning-fast.
You like to eat raw meat.
You heal very quickly.
You are covered in fur (AC +1).
You have very tough skin (AC +2).
You can breathe flames.


Message History

You feel sick. Something hits you.
* * * LOW HITPOINT WARNING * * *
The kobold shoots a poisoned needle.
The poisoned needle hits you.
You are more poisoned.
Something hits you but does no damage.
You see here a poisoned needle.
You bump into the rock wall.
* * * LOW HITPOINT WARNING * * *
You feel very sick. Something hits you.
* * * LOW HITPOINT WARNING * * *
The kobold shoots a poisoned needle.
The poisoned needle hits you!
You are more poisoned.
Something hits you but does no damage.
You bump into the rock wall.
* * * LOW HITPOINT WARNING * * *
You feel very sick.
You hear some strange, mumbled words.
The magic dart hits you!
You die...

### ..#
##.# # ...
#.##.##.##
#......K.##
#.....<..#
#.#.###{{#
#@(# #.(#
#..# ...#
....#
...### #...
... .


You could see a kobold.

Vanquished Creatures
  A necrophage (D:4)
  The ghost of puimuR the Chopper, an average HOGl (D:4)
  A scorpion (D:4)
  3 orc wizards
  An orc priest (D:4)
  An iguana (D:4)
  A worker ant (D:4)
  5 adders
  2 giant mites
  A worm (D:2)
  An adder skeleton (D:4)
  A giant gecko (D:3)
  8 orcs
  4 hobgoblins
  4 jackals (D:1)
  4 kobolds
  A quokka (D:4)
  2 ball pythons
  7 bats
  2 giant cockroaches
  6 giant newts
  11 goblins
  11 rats
79 creatures vanquished.

Vanquished Creatures (others)
  An orc (D:4)
1 creature vanquished.

Grand Total: 80 creatures vanquished

Notes
Turn   | Place    | Note
--------------------------------------------------------------
     0 | D:1      | Tolias, the Troll Conjurer, began the quest for the Orb.
     0 | D:1      | Reached XP level 1. HP: 16/16 MP: 2/2
     0 | D:1      | Noticed a centaur
     1 | D:1      | Noticed a naga
     2 | D:1      | Noticed a centaur
     4 | D:1      | Noticed a spriggan
     5 | D:1      | Noticed a troll
     7 | D:1      | Noticed an elf
     8 | D:1      | Noticed a troll
    10 | D:1      | Noticed a spriggan
    12 | D:1      | Noticed a naga
    13 | D:1      | Noticed a troll
    14 | D:1      | Noticed a dwarf
    14 | D:1      | Noticed a vampire
    16 | D:1      | Noticed a naga
    18 | D:1      | Noticed a troll
    19 | D:1      | Noticed a vampire
    63 | D:1      | Reached skill level 1 in Unarmed Combat
   185 | D:1      | Reached XP level 2. HP: 24/24 MP: 2/2
   933 | D:2      | Found a shimmering altar of Xom.
   935 | D:2      | Found a radiant altar of Vehumet.
   938 | D:2      | Found a shattered altar of Ashenzari.
   939 | D:2      | Found a snail-covered altar of Cheibriados.
   948 | D:2      | Became a worshipper of Ashenzari the Shackled
  1035 | D:2      | Reached XP level 3. HP: 18/31 MP: 3/3
  1194 | D:2      | Reached skill level 3 in Unarmed Combat
  1366 | D:2      | Found a blossoming altar of Fedhas.
  1454 | D:2      | Found a white marble altar of Elyvilon.
  1897 | D:3      | Reached XP level 4. HP: 39/39 MP: 4/4
  2243 | D:3      | Found a sacrificial altar of Ru.
  2360 | D:3      | Reached skill level 4 in Unarmed Combat
  2388 | D:3      | Found a stormy altar of Qazlal.
  2732 | D:4      | Noticed puimuR's ghost (average HOGl)
  2777 | D:4      | Reached XP level 5. HP: 41/45 MP: 4/4
  3019 | D:4      | Reached skill level 5 in Unarmed Combat
  3216 | D:4      | Noticed a necrophage
  3234 | D:4      | Killed a necrophage
  3234 | D:4      | Reached skill level 6 in Unarmed Combat
  3234 | D:4      | Reached XP level 6. HP: 40/51 MP: 5/5
  3335 | D:4      | Reached skill level 1 in Fighting
  3335 | D:4      | Reached skill level 1 in Throwing
  3435 | D:4      | Gained mutation: You can breathe flames. [potion of beneficial mutation]
  3638 | D:4      | Killed puimuR's ghost
  3638 | D:4      | Reached XP level 7. HP: 43/59 MP: 5/5
  3742 | D:5      | Entered Level 5 of the Dungeon
  3751 | D:5      | Killed from afar by an orc wizard

Action                   |  1- 3 |  4- 6 |  7- 9 || total
-------------------------+-------+-------+-------++-------
Melee: Unarmed           |   123 |   131 |     6 ||   260
Throw: Javelin           |     2 |     6 |     8 ||    16
  Use: Scroll            |       |    10 |       ||    10
       Potion            |       |     5 |       ||     5
 Stab: Sleeping          |     1 |       |       ||     1
  Eat: Chunk             |    22 |     6 |       ||    28
       Meat ration       |       |     1 |       ||     1
